[Event "Late-Titled-Tuesday-Blitz-October-17-2023"]
[Site "Chess.com"]
[Date "2023.10.17"]
[Round "1"]
[White "Skatchkov_V"]
[Black "chessprincesa1"]
[Result "1-0"]
[WhiteElo "2596"]
[BlackElo "2295"]
[TimeControl "180+1"]
[EndTime "14:05:22 PDT"]
[Termination "Skatchkov_V won by resignation"]

1. d4 Nf6 2. c4 e6 3. Nf3 d5 4. g3 h6 5. Bg2 Bd6 6. O-O O-O 7. a3 b6 8. Nc3 a6 9. Ne5 Bb7 10.
cxd5 exd5 11. Qc2 Nbd7 12. Nc4 Re8 13. Nxd6 cxd6 14. Qb3 Rc8 15. Bf4 Rc4 16. Nxd5 Bxd5 17. Bxd5 Nxd5 18. Qxc4 Nxf4 19. gxf4 Qh4 20. Qc6 Nf6 21.
Qf3 Nh5 22. e3 g5 23. fxg5 hxg5 24. Kh1 Re6 25. Rg1 Rf6 26. Qg4 Qxg4 27. Rxg4 Rxf2 28.
Rxg5+ 1-0

[Event "Late-Titled-Tuesday-Blitz-October-17-2023"]
[Site "Chess.com"]
[Date "2023.10.17"]
[Round "1"]
[White "Gyulamiryan-koryun"]
[Black "zverr1"]
[Result "0-1"]
[WhiteElo "1961"]
[BlackElo "2520"]
[TimeControl "180+1"]
[EndTime "14:05:23 PDT"]
[Termination "zverr1 won on time"]

1. e4 c5 2. Nf3 Nc6 3. d4 cxd4 4. Nxd4 g6 5. Be3 Nf6 6. Nc3 Bg7 7. Qd2 O-O 8. O-O-O Ng4 9. Nxc6 bxc6 10. Bd4 Bh6 11. f4 e5 12. Bc5 Bxf4 13. Bxf8 Qxf8 14. Kb1 Bxd2 15. Rxd2 Rb8 16. Bc4 Ne3 17. Bb3 d5 18.
exd5 Nxd5 19. Bxd5 cxd5 20. Nxd5 Be6 21. Nf6+ Kg7 22.
Nd7 Bxd7 23. Rxd7 Qb4 24. b3 e4 25.
Rf1 Rf8 26. Rxa7 e3 0-1

[Event "Late-Titled-Tuesday-Blitz-October-17-2023"]
[Site "Chess.com"]
[Date "2023.10.17"]
[Round "1"]
[White "GoltsevDmitry2000"]
[Black "GiorgianBarbosa"]
[Result "1-0"]
[WhiteElo "2681"]
[BlackElo "2371"]
[TimeControl "180+1"]
[EndTime "14:05:24 PDT"]
[Termination "GoltsevDmitry2000 won on time"]

1. e4 c6 2. d4 d5 3. Nc3 dxe4 4. Nxe4 Nf6 5. Ng3 g6 6. Nf3 Bg7 7. Bc4 O-O 8. Bg5 Bg4 9. c3 Nbd7 10. h3 Bxf3 11.
Qxf3 e5 12. O-O-O exd4 13. Rxd4 Qa5 14. Bd2 b5 15. Bb3 c5 16. c4 Qc7 17. Rh4 bxc4 18.
Bxc4 Nb6 19. Bc3 Nxc4 20. Rxc4 Nd7 21. Bxg7 Kxg7 22. Qc3+ Kg8 23. Rd1 Nb6 24. Rh4 1-0

[Event "Late-Titled-Tuesday-Blitz-October-17-2023"]
[Site "Chess.com"]
[Date "2023.10.17"]
[Round "1"]
[White "johnmez"]
[Black "ValeriyGrinev"]
[Result "0-1"]
[WhiteElo "2238"]
[BlackElo "2578"]
[TimeControl "180+1"]
[EndTime "14:05:25 PDT"]
[Termination "ValeriyGrinev won by resignation"]

1. b3 a5 2. Nc3 g6 3. Bb2 Bg7 4. e3 d5 5. Nf3 Bg4 6. Be2 c6 7. O-O Nd7 8. h3 Bxf3 9. Bxf3 e6 10. d3 Ne7 11. Qd2 O-O 12. a4 Qc7 13. Rac1 Rfb8 14.
Nd1 Bxb2 15. Nxb2 b5 16. c4 bxc4 17. bxc4 Qd6 18. Rc2 Rb3 19. Rfc1 Rab8 20. d4 Qb4 21. Nd1 Qxa4 22. cxd5 cxd5 23. Rc7 R3b7 24. Nc3 Qb4 25. Rxb7 Qxb7 26. Na4 Qb5 27. Bd1 Nf5 28. Nc5 Nxc5 29. Rxc5 Qb4 30. Qxb4 axb4 31. Bb3 Nd6 32. Kf1 Ne4 33.
Ke2 Nxc5 0-1

[Event "Late-Titled-Tuesday-Blitz-October-17-2023"]
[Site "Chess.com"]
[Date "2023.10.17"]
[Round "1"]
[White "AlexandraBotez"]
[Black "oskariot"]
[Result "0-1"]
[WhiteElo "2352"]
[BlackElo "2676"]
[TimeControl "180+1"]
[EndTime "14:05:26 PDT"]
[Termination "oskariot won by resignation"]

1. d4 Nf6 2. c4 c5 3. d5 g6 4. Nc3 Bg7 5. e4 d6 6. f3 O-O 7. Be3 e6 8. Qd2 exd5 9. cxd5 Re8 10. a4 h5 11. Bd3 Nbd7 12. Nge2 Ne5 13. O-O a6 14. h3 h4 15. f4 Nxd3 16. Qxd3 Nxe4 17. Nxe4 Bf5 18. N2c3 Bxc3 19. bxc3 Rxe4 20. Qd2 Qe7 21. Rfe1 Re8 22. Kf2 b5 23. axb5 axb5 24. Ra5 b4 25. cxb4 cxb4 26. Rb5 g5 27. fxg5 Qe5 28.
Rxb4 Qg3+ 29. Kg1 Rxe3 30. Rxe3 Rxe3 31. Kf1 Bd3+ 0-1

[Event "Late-Titled-Tuesday-Blitz-October-17-2023"]
[Site "Chess.com"]
[Date "2023.10.17"]
[Round "1"]
[White "sjoerd893"]
[Black "familijatop71"]
[Result "1-0"]
[WhiteElo "2531"]
[BlackElo "2112"]
[TimeControl "180+1"]
[EndTime "14:05:26 PDT"]
[Termination "sjoerd893 won by resignation"]

1. e4 c5 2. Nf3 d6 3. Bb5+ Nd7 4. d4 cxd4 5. Qxd4 a6 6. Bxd7+ Qxd7 7. Nc3 e6 8. Nd2 b5 9. a4 Bb7 10. axb5 axb5 11.
Rxa8+ Bxa8 12. Qb6 Bc6 13. Nf3 e5 14. O-O Be7 15. Rd1 Bf6 16. Qb8+ Ke7 17. Be3 g6 18. Bc5 dxc5 19. Rxd7+ Bxd7 20. Nd5+ Ke6 21. Qb6+ 1-0

[Event "Late-Titled-Tuesday-Blitz-October-17-2023"]
[Site "Chess.com"]
[Date "2023.10.17"]
[Round "1"]
[White "The_Machine04"]
[Black "marik_spb"]
[Result "1-0"]
[WhiteElo "2712"]
[BlackElo "2403"]
[TimeControl "180+1"]
[EndTime "14:05:29 PDT"]
[Termination "The_Machine04 won by resignation"]

1. d4 Nf6 2. Nf3 d5 3. e3 c5 4. c3 Nc6 5. Nbd2 Bf5 6. dxc5 e6 7. b4 a5 8. Bb5 Be7 9. Nd4 Qc7 10. Nxf5 exf5 11.
Bb2 O-O 12. a3 Ng4 13. Nf3 Nce5 14. h3 Nxf3+ 15. Qxf3 Ne5 16. Qxf5 g6 17. Qf4 Rfe8 18. O-O Rec8 19. c4 Nxc4 20. Qxc7 Rxc7 21. Bxc4 dxc4 22. Rfc1 axb4 23. axb4 Rxa1 24. Bxa1 b6 25. cxb6 Rc6 26. Bd4 Bxb4 27. b7 Bd6 28. Ra1 f5 29. Ra8+ Kf7 30.
b8=Q Bxb8 31. Rxb8 c3 32. Rb1 c2 33. Rc1 Ke6 34. Kf1 Kd5 35. Ke2 f4 36. Kd3 fxe3 37. fxe3 Ra6 38. Rxc2 Ra3+ 39. Rc3 Ra2 40. Rc5+ Ke6 41.
Rc2 Ra3+ 42. Ke4 Ra4 43. Rc6+ Kf7 44. Rc7+ 1-0

[Event "Late-Titled-Tuesday-Blitz-October-17-2023"]
[Site "Chess.com"]
[Date "2023.10.17"]
[Round "1"]
[White "aa175"]
[Black "KVAIDAN"]
[Result "1-0"]
[WhiteElo "2590"]
[BlackElo "2287"]
[TimeControl "180+1"]
[EndTime "14:05:30 PDT"]
[Termination "aa175 won by checkmate"]

1. d4 e6 2. Bf4 c5 3. e3 Qb6 4. Nc3 Nc6 5. Nb5 cxd4 6. exd4 e5 7. dxe5 a6 8. Be3 Qa5+ 9. Bd2 Bb4 10. Nd6+ Kf8 11.
Nc4 Bxd2+ 12. Qxd2 Qxd2+ 13. Kxd2 Nge7 14. Nf3 Ng6 15.
Nb6 Rb8 16. Re1 Nf4 17. Bc4 Ne6 18. Kc3 Ke7 19. Nd5+ Kf8 20. Nb6 Ke7 21. Rd1 Nc5 22. Rhe1 Rd8 23. Ng5 Ne6 24. Nd5+ Kf8 25. Nxh7+ Kg8 26. Nhf6+ gxf6 27. exf6 b5 28. Rd3 bxc4 29. Rg3+ Kf8 30. Re4 d6 31. Rh3 Ke8 32. Rh7 Ne5 33. f4 Bb7 34. fxe5 Bxd5 35. Rg4 dxe5 36. Rg8+ Nf8 37. Rxf8+ Kxf8 38. Rh8# 1-0

[Event "Late-Titled-Tuesday-Blitz-October-17-2023"]
[Site "Chess.com"]
[Date "2023.10.17"]
[Round "1"]
[White "FMOlexandrProhorov"]
[Black "balachess2006"]
[Result "0-1"]
[WhiteElo "2301"]
[BlackElo "2603"]
[TimeControl "180+1"]
[EndTime "14:05:34 PDT"]
[Termination "balachess2006 won on time"]

1. e4 c5 2. c3 Nf6 3. e5 Nd5 4. g3 Nc6 5. Bg2 Nb6 6. Nf3 d6 7.
exd6 Qxd6 8. O-O Bg4 9. d4 cxd4 10.
cxd4 e6 11. Nc3 Be7 12. h3 Bh5 13. Bf4 Qd7 14. Re1 O-O 15. g4 Bg6 16. Rc1 Rfd8 17. h4 h5 18. g5 Bd6 19. Ne5 Bxe5 20. dxe5 Nd4 21. Bg3 Nf5 22. Qxd7 Rxd7 23. Red1 Nxg3 24. fxg3 Rc8 25. Kf2 Kf8 26. Ke2 Ke7 27. Rxd7+ Nxd7 28. Ke3 Nxe5 29. Nd5+ Kd8 30. Rxc8+ Kxc8 31. Ne7+ Kc7 32. Nxg6 Nxg6 33. Be4 Ne7 34. Kd3 b6 35. Kc4 a6 36.
a4 Nc8 37. Kd4 Nd6 38. Bh7 Kd7 0-1

[Event "Late-Titled-Tuesday-Blitz-October-17-2023"]
[Site "Chess.com"]
[Date "2023.10.17"]
[Round "1"]
[White "keepitcoming"]
[Black "Semetey"]
[Result "0-1"]
[WhiteElo "2205"]
[BlackElo "2549"]
[TimeControl "180+1"]
[EndTime "14:05:36 PDT"]
[Termination "Semetey won by resignation"]

1. d4 a6 2. Nf3 b5 3. a4 Bb7 4.
axb5 axb5 5. Rxa8 Bxa8 6. Bf4 e6 7. e3 b4 8. Bd3 Nf6 9. O-O Be7 10. Nbd2 d5 11.
Qa1 Nbd7 12. Qa7 Bd6 13. Ne5 O-O 14. h3 Bxe5 15. dxe5 Ne4 16. Nxe4 dxe4 17. Bb5 Nb6 18. Qa5 Qd2 19. c3 Nd5 20. cxb4 Nxf4 21. exf4 e3 22.
Qxc7 e2 23. Bxe2 Qxe2 24. Qc3 Qe4 25. f3 Qxf4 26. Rd1 Bd5 27. b5 Qa4 28. Qd3 Rb8 29.
Rc1 g6 30. Rc5 Qb4 31. Kh2 Qxc5 0-1

[Event "Late-Titled-Tuesday-Blitz-October-17-2023"]
[Site "Chess.com"]
[Date "2023.10.17"]
[Round "1"]
[White "FabianoCaruana"]
[Black "TheoSlade"]
[Result "1-0"]
[WhiteElo "3087"]
[BlackElo "2511"]
[TimeControl "180+1"]
[EndTime "14:05:43 PDT"]
[Termination "FabianoCaruana won on time"]

1. c4 e6 2. b3 d5 3. Bb2 Nf6 4. Nf3 Be7 5. g3 O-O 6. Bg2 c5 7. e3 Nc6 8. O-O d4 9. exd4 cxd4 10. Re1 Re8 11. Na3 Bc5 12. d3 e5 13. Nc2 a5 14.
Ng5 Bf5 15. a3 Qc7 16. Bc1 h6 17. Ne4 Nxe4 18. Bxe4 Bxe4 19. dxe4 f5 20. Qd3 f4 21.
Bd2 Qd6 22. Kg2 Rf8 23. f3 Rf7 24. g4 Qe7 25. Reb1 g6 26. Be1 Kg7 27. h4 Rc8 28.
b4 axb4 29. axb4 Bd6 30. c5 Bc7 31. Na3 Bd8 32. Nc4 Rb8 33. b5 Qxc5 34. bxc6 Qxc6 35.
Nxe5 Qc7 36. Nxf7 Qxf7 37. Bf2 Bf6 38. Ra7 1-0

[Event "Late-Titled-Tuesday-Blitz-October-17-2023"]
[Site "Chess.com"]
[Date "2023.10.17"]
[Round "1"]
[White "karinachess1"]
[Black "LaPiToB"]
[Result "1-0"]
[WhiteElo "2605"]
[BlackElo "2303"]
[TimeControl "180+1"]
[EndTime "14:05:45 PDT"]
[Termination "karinachess1 won by checkmate"]

1. d4 Nf6 2. c4 e6 3. Nc3 Bb4 4.
Qc2 O-O 5. a3 Bxc3+ 6. Qxc3 Ne4 7. Qc2 d5 8. Nf3 c5 9. cxd5 Qxd5 10. e3 cxd4 11. Bc4 Qc6 12. Ne5 Qc5 13. Qxe4 f6 14. exd4 Qc7 15. Bd3 fxe5 16. Qxh7+ Kf7 17. Bg6+ Kf6 18.
h4 exd4 19. Bg5+ Ke5 20. O-O Kd5 21. Rac1 Nc6 22. Rfd1 e5 23. Be4+ Kd6 24. f4 Bg4 25.
fxe5+ Kxe5 26. Re1 Kd6 27. Qg6+ Be6 28. Bxc6 bxc6 29.
Qxe6# 1-0

[Event "Late-Titled-Tuesday-Blitz-October-17-2023"]
[Site "Chess.com"]
[Date "2023.10.17"]
[Round "1"]
[White "Tomytoteph"]
[Black "drdaro"]
[Result "1-0"]
[WhiteElo "2571"]
[BlackElo "2240"]
[TimeControl "180+1"]
[EndTime "14:05:49 PDT"]
[Termination "Tomytoteph won by resignation"]

1. e4 c5 2. Nf3 d6 3. d4 cxd4 4. Nxd4 Nf6 5. Nc3 g6 6. Be3 Bg7 7. Bc4 O-O 8. f3 Nc6 9. Qd2 Bd7 10. Bb3 Rc8 11. g4 h5 12. gxh5 Nxh5 13. O-O-O Ne5 14. Rhg1 b5 15. Rg5 a5 16. f4 a4 17. Bd5 Ng4 18.
Rxg6 b4 19. Nce2 Nxe3 20. Qxe3 e6 21. Rg5 Nf6 22. Rdg1 Ne8 23. Qg3 Qf6 24. e5 dxe5 25. fxe5 Qh6 26. Be4 Rc5 27. Kb1 Kh8 28. Nf3 f6 29.
Rg4 f5 30. Rh4 fxe4 31. Rxh6+ Bxh6 32. Qh4 Kh7 33. Ng5+ 1-0

[Event "Late-Titled-Tuesday-Blitz-October-17-2023"]
[Site "Chess.com"]
[Date "2023.10.17"]
[Round "1"]
[White "Baku_Boulevard"]
[Black "Chessdreamer2020"]
[Result "1-0"]
[WhiteElo "3003"]
[BlackElo "2503"]
[TimeControl "180+1"]
[EndTime "14:05:50 PDT"]
[Termination "Baku_Boulevard won by resignation"]

1. e4 c5 2. Nf3 Nc6 3. Nc3 Nf6 4. g3 g6 5. Bg2 Bg7 6. O-O d6 7. d3 O-O 8. Re1 Rb8 9. a4 a6 10.
e5 dxe5 11. Nxe5 Nxe5 12. Rxe5 b6 13. a5 Nd7 14. Re1 b5 15. Bg5 Re8 16. Nd5 f6 17. Bd2 e6 18. Nf4 Nf8 19. Be3 Qd6 20. c3 Bb7 21. Bxb7 Rxb7 22. Qf3 Rc7 23. Rad1 Rd7 24. d4 c4 25. h4 b4 26. h5 g5 27. h6 Bh8 28.
Nh5 Rf7 29. d5 e5 30. Qg4 bxc3 31. bxc3 Qd7 32. Qxc4 Qh3 33. Ng7 Bxg7 34. hxg7 Rxg7 35. d6+ Kh8 36. Qxa6 Rg6 37. Qc6 Rh6 38. Qg2 Qd7 39.
a6 Ne6 40. a7 Ra8 41. Qxa8+ 1-0

[Event "Late-Titled-Tuesday-Blitz-October-17-2023"]
[Site "Chess.com"]
[Date "2023.10.17"]
[Round "1"]
[White "UK_23"]
[Black "ozates"]
[Result "0-1"]
[WhiteElo "2404"]
[BlackElo "2718"]
[TimeControl "180+1"]
[EndTime "14:05:50 PDT"]
[Termination "ozates won by checkmate"]

1. e4 e5 2. Nf3 Nc6 3. Bc4 Bc5 4.
O-O Nf6 5. d3 h6 6. c3 d6 7. b4 Bb6 8. a4 a6 9. Nbd2 Ne7 10.
Qb3 O-O 11. a5 Ba7 12. h3 Ng6 13. Re1 c6 14. d4 Nh5 15. Nf1 Qf6 16. N1h2 Nhf4 17.
Be3 Be6 18. Rad1 d5 19. exd5 cxd5 20. Bf1 e4 21. Nd2 Bb8 22. Ng4 Qh4 23. f3 Qg3 24. Kh1 Bxg4 25. fxg4 Nxh3 26. gxh3 Qh2# 0-1

[Event "Late-Titled-Tuesday-Blitz-October-17-2023"]
[Site "Chess.com"]
[Date "2023.10.17"]
[Round "1"]
[White "AradNazari"]
[Black "Art10ECHR"]
[Result "1-0"]
[WhiteElo "2909"]
[BlackElo "2488"]
[TimeControl "180+1"]
[EndTime "14:06:03 PDT"]
[Termination "AradNazari won by resignation"]

1. e4 e5 2. f4 exf4 3. Nf3 d6 4.
Bc4 h6 5. h4 Nf6 6. Nc3 Nc6 7.
d4 Nh5 8. Nd5 Ng3 9. Rh2 Nxe4 10. Qe2 f5 11. Bxf4 Na5 12. Bd3 c6 13. Bxe4 fxe4 14.
Qxe4+ Kf7 15. Ne3 d5 16. Ne5+ Kg8 17. Qf3 Be6 18. O-O-O Nc4 19. g4 Nxe3 20. Qxe3 Bd6 21.
Ng6 Bxg4 22. Rg1 Bf5 23. Bxd6 Qxd6 24. Ne7+ Kh7 25. Nxf5 1-0

[Event "Late-Titled-Tuesday-Blitz-October-17-2023"]
[Site "Chess.com"]
[Date "2023.10.17"]
[Round "1"]
[White "GadimbayliA"]
[Black "Haykoooo0o"]
[Result "1-0"]
[WhiteElo "2833"]
[BlackElo "2444"]
[TimeControl "180+1"]
[EndTime "14:06:05 PDT"]
[Termination "GadimbayliA won by checkmate"]

1. e4 c6 2. Nf3 d5 3. exd5 cxd5 4. Ne5 Nc6 5. d4 Nf6 6. c3 e6 7. Nd2 Nxe5 8. dxe5 Nd7 9. Nf3 Bc5 10. Bd3 Qc7 11. Qe2 O-O 12. O-O f5 13. exf6 Nxf6 14. Bg5 Bd7 15. Ne5 Bd6 16. Rae1 Bxe5 17. Qxe5 Qxe5 18.
Rxe5 a6 19. f3 Kf7 20. Rd1 h6 21. Bh4 Rac8 22. Bc2 Rfe8 23. Bf2 b5 24. a3 a5 25. h4 h5 26. Bb6 Ra8 27. Bd4 Rec8 28. Rg5 b4 29.
axb4 axb4 30. Bg6+ Ke7 31. cxb4 Rab8 32. Bc5+ Rxc5 33.
bxc5 Rxb2 34. Bxh5 Rc2 35. Rxg7+ Kd8 36. Bg6 Rxc5 37. h5 Be8 38. Bxe8 Kxe8 39. h6 Kf8 40. Ra1 Rc8 41. Raa7 Ne8 42. Raf7# 1-0

[Event "Late-Titled-Tuesday-Blitz-October-17-2023"]
[Site "Chess.com"]
[Date "2023.10.17"]
[Round "1"]
[White "MKlose11"]
[Black "norwaytoadog"]
[Result "1-0"]
[WhiteElo "2627"]
[BlackElo "2324"]
[TimeControl "180+1"]
[EndTime "14:06:05 PDT"]
[Termination "MKlose11 won on time"]

1. e4 c5 2. Nc3 Nc6 3. g3 g6 4. d3 Bg7 5. Be3 d6 6. Qd2 Rb8 7. Bg2 b5 8. Nge2 b4 9. Nd1 Nd4 10. O-O e6 11. Nc1 Ne7 12. c3 Ndc6 13.
Bh6 O-O 14. Bxg7 Kxg7 15. d4 Ba6 16. Re1 Na5 17. Ne3 f5 18. Nb3 Nc4 19. Nxc4 Bxc4 20. dxc5 dxc5 21. exf5 Nxf5 22. Qxd8 Rfxd8 23. Nxc5 bxc3 24.
bxc3 Kf7 25. a4 Rb2 26. Rab1 Rdd2 27. Rxb2 Rxb2 28. Ne4 Ra2 29. g4 Nh4 30. Nd6+ Kf6 31. Nxc4 Rxa4 32. Ne3 h5 33. gxh5 gxh5 34. Rc1 Ke5 35.
c4 Kf4 36. c5 Ra2 37. c6 1-0

[Event "Late-Titled-Tuesday-Blitz-October-17-2023"]
[Site "Chess.com"]
[Date "2023.10.17"]
[Round "1"]
[White "Sanyura"]
[Black "FredyMatsuura"]
[Result "0-1"]
[WhiteElo "2526"]
[BlackElo "2204"]
[TimeControl "180+1"]
[EndTime "14:06:05 PDT"]
[Termination "FredyMatsuura won by resignation"]

1. Nf3 Nf6 2. c4 e6 3. e3 d5 4.
Be2 c6 5. O-O Nbd7 6. d4 Bd6 7.
Nc3 O-O 8. b3 b6 9. Bb2 Bb7 10.
Rc1 Rc8 11. Ne1 c5 12. cxd5 Nxd5 13. Ne4 Nxe3 14. fxe3 Bxe4 15. Bf3 Bxf3 16. Nxf3 Qe7 17. Qe2 e5 18. Qf2 cxd4 19. exd4 e4 20. Rce1 f5 21. Nh4 f4 22. Nf3 e3 23. Qe2 Qe4 24. d5 Rc2 25. Qb5 Nc5 26. Ba1 Nd3 27. Qd7 Qg6 28. Nh4 Qh6 29. Nf5 Qg5 30. Qe6+ Rf7 31. g4 Qxg4+ 32. Ng3 Qxe6 33. dxe6 Re7 34. Nf5 Rxe6 35. Nd4 Rg6+ 36. Kh1 Nf2+ 37. Rxf2 exf2 38. Rf1 Rg1+ 39. Rxg1 fxg1=Q+ 40. Kxg1 0-1

[Event "Late-Titled-Tuesday-Blitz-October-17-2023"]
[Site "Chess.com"]
[Date "2023.10.17"]
[Round "1"]
[White "maurovargas01"]
[Black "Smiechu"]
[Result "0-1"]
[WhiteElo "1913"]
[BlackElo "2516"]
[TimeControl "180+1"]
[EndTime "14:06:06 PDT"]
[Termination "Smiechu won on time"]

1. e4 c5 2. Nc3 Nc6 3. f4 g6 4.
Nf3 Bg7 5. Bb5 Nd4 6. Bc4 d6 7. a4 e6 8. O-O Ne7 9. d3 O-O 10.
Ne2 Nec6 11. c3 Nxf3+ 12. Rxf3 d5 13. exd5 exd5 14. Ba2 Re8 15. Be3 d4 16. cxd4 cxd4 17. Bd2 Bg4 18. Rg3 Bxe2 19. Qb3 Qd7 20. Rc1 Re7 21.
Rc5 Rae8 22. f5 Be5 23. Rxe5 Nxe5 24. fxg6 hxg6 25. Bg5 Qf5 26. h3 Bxd3 27. Bxe7 Rxe7 28. Qa3 Re8 29. Rg5 Qxg5 0-1

[Event "Late-Titled-Tuesday-Blitz-October-17-2023"]
[Site "Chess.com"]
[Date "2023.10.17"]
[Round "1"]
[White "LogoCzar"]
[Black "KChor05TTV"]
[Result "1-0"]
[WhiteElo "2384"]
[BlackElo "2662"]
[TimeControl "180+1"]
[EndTime "14:06:08 PDT"]
[Termination "LogoCzar won by resignation"]

1. e4 c5 2. Nf3 g6 3. d4 cxd4 4.
Nxd4 Nf6 5. Nc3 Nc6 6. Bc4 Bg7 7. Nxc6 bxc6 8. e5 Ng8 9. Qf3 e6 10. Bf4 Qa5 11. O-O-O Bxe5 12. Bxe5 Qxe5 13. Rhe1 Qg5+ 14. Kb1 Nf6 15. g3 d5 16. h4 Qf5 17. Qg2 O-O 18. Bd3 Qh5 19. Be2 Qh6 20. g4 Qxh4 21. g5 Ne4 22. Nxe4 Qxe4 23. Qh2 h5 24. Bxh5 Qf5 25.
Re5 gxh5 26. Rxf5 exf5 27. Qxh5 Re8 28. g6 Be6 29. Rg1 Kf8 30. Qh4 fxg6 31. Qf6+ Bf7 32. Rh1 1-0

[Event "Late-Titled-Tuesday-Blitz-October-17-2023"]
[Site "Chess.com"]
[Date "2023.10.17"]
[Round "1"]
[White "Elbebiber"]
[Black "Emp3rador"]
[Result "0-1"]
[WhiteElo "2139"]
[BlackElo "2533"]
[TimeControl "180+1"]
[EndTime "14:06:09 PDT"]
[Termination "Emp3rador won by resignation"]

1. d4 d5 2. Bf4 Nf6 3. Nf3 c5 4. e3 Nc6 5. c3 Qb6 6. Qb3 c4 7. Qc2 Bf5 8. Qc1 e6 9. Nbd2 Rc8 10. Be2 Nh5 11. O-O Nxf4 12. exf4 Bd6 13. g3 O-O 14. Ne5 Rfd8 15. Re1 Nxe5 16. fxe5 Be7 17. Kg2 Qa5 18. f4 b5 19. a3 Qb6 20. Rf1 a5 21. g4 Bg6 22. f5 exf5 23. gxf5 Bxf5 24. Rxf5 Qg6+ 25. Kh1 Qxf5 26. Qg1 Rc6 27. Bg4 Qd3 28. Nf3 Rg6 29.
Rd1 Rxg4 30. Rxd3 Rxg1+ 31. Kxg1 cxd3 0-1

[Event "Late-Titled-Tuesday-Blitz-October-17-2023"]
[Site "Chess.com"]
[Date "2023.10.17"]
[Round "1"]
[White "MikeSailer"]
[Black "amanmuhammethommadov"]
[Result "0-1"]
[WhiteElo "2088"]
[BlackElo "2527"]
[TimeControl "180+1"]
[EndTime "14:06:09 PDT"]
[Termination "amanmuhammethommadov won on time"]

1. d4 Nf6 2. Bg5 c5 3. d5 g6 4. Bxf6 exf6 5. c4 d6 6. Nc3 Bg7 7. g3 f5 8. Bg2 O-O 9. e3 Na6 10. Nge2 Nc7 11. O-O Rb8 12. a4 a6 13. a5 b5 14. axb6 Rxb6 15. Ra2 Bd7 16. h4 h5 17. Qc2 Qb8 18. Rfa1 Qb7 19. e4 Rb8 20. exf5 Bxf5 21.
Be4 Bg4 22. f3 Bd7 23. Bxg6 fxg6 24. Qxg6 Be8 25. Qf5 Qc8 26. Qc2 Rb4 27. Ne4 Rxb2 28.
Rxb2 Rxb2 29. Nxd6 Qh3 30. Qe4 Rxe2 31. Qxe2 Bd4+ 0-1

[Event "Late-Titled-Tuesday-Blitz-October-17-2023"]
[Site "Chess.com"]
[Date "2023.10.17"]
[Round "1"]
[White "Eloist"]
[Black "Elsa167"]
[Result "0-1"]
[WhiteElo "2439"]
[BlackElo "2813"]
[TimeControl "180+1"]
[EndTime "14:06:10 PDT"]
[Termination "Elsa167 won by resignation"]

1. e4 e6 2. d4 d5 3. Nc3 Bb4 4. exd5 exd5 5. Bd3 Nc6 6. Ne2 Nge7 7. O-O Bf5 8. Bf4 O-O 9. a3 Bxc3 10. Nxc3 Nxd4 11.
Bxf5 Nexf5 12. Be5 Nc6 13. Bf4 d4 14. Nb5 Rc8 15.
Qd3 g6 16. g4 Ng7 17. c3 Ne6 18. Bh6 Re8 19. Nxd4 Ncxd4 20. cxd4 Qh4 21. d5 Qxh6 22. dxe6 Rxe6 23. Qd7 Ree8 24. Rac1 Qf4 25. Rce1 Red8 26. Qe7 Qxg4+ 27. Kh1 Qf3+ 28. Kg1 Rd4 0-1

[Event "Late-Titled-Tuesday-Blitz-October-17-2023"]
[Site "Chess.com"]
[Date "2023.10.17"]
[Round "1"]
[White "Tiqr777"]
[Black "Hirna2005"]
[Result "1-0"]
[WhiteElo "2625"]
[BlackElo "2321"]
[TimeControl "180+1"]
[EndTime "14:06:11 PDT"]
[Termination "Tiqr777 won by resignation"]

1. e4 g6 2. d4 Bg7 3. Nc3 d6 4. h4 c5 5. dxc5 Qa5 6. h5 Qxc5 7. h6 Bxc3+ 8. bxc3 Qxc3+ 9. Bd2 Qd4 10. Bd3 Nf6 11.
Ne2 Qc5 12. Be3 Qa5+ 13. Bd2 Qc7 14. O-O Nc6 15. Bc3 Ne5 16. f3 Be6 17. Bd4 Bc4 18. Rb1 O-O 19. a3 b6 20. Qd2 Rac8 21. Rfc1 Qc6 22. Qe3 Qa4 23. Nc3 Qa6 24. Rd1 Bxd3 25. cxd3 Rc7 26. Nb5 Rc2 27. Rd2 Rfc8 28. Qe2 Rc1+ 29.
Rd1 Rxd1+ 30. Qxd1 Qb7 31. Ba1 Qc6 32. d4 Nc4 33.
Nxa7 Qa8 34. Nxc8 Qxc8 35. d5 Qc5+ 36. Qd4 Nxa3 37. Qxc5 dxc5 38. Rxb6 Ne8 39. Rb8 Kf8 40. Bg7+ 1-0

[Event "Late-Titled-Tuesday-Blitz-October-17-2023"]
[Site "Chess.com"]
[Date "2023.10.17"]
[Round "1"]
[White "brunomorado"]
[Black "nochewycandy"]
[Result "1-0"]
[WhiteElo "2447"]
[BlackElo "2758"]
[TimeControl "180+1"]
[EndTime "14:06:13 PDT"]
[Termination "brunomorado won by resignation"]

1. d4 Nf6 2. Nc3 d5 3. Bg5 Nbd7 4.
Qd3 e6 5. e4 dxe4 6. Nxe4 Be7 7. Bxf6 Nxf6 8. g3 O-O 9. Bg2 Rb8 10. Ne2 Nxe4 11. Bxe4 f5 12. Bg2 Bf6 13. O-O-O c6 14. Rhe1 a5 15. h4 a4 16. Nf4 Qd6 17. Qc4 Re8 18. d5 a3 19. dxe6 axb2+ 20. Kb1 b5 21. Qxc6 Qxc6 22. Bxc6 Bb7 23. Bxe8 Rxe8 24. Nd5 Bxd5 25.
Rxd5 g6 26. Rxb5 Re7 27. Rd5 f4 28. Rd7 Re8 29. e7 Kf7 30. Rd8 Rxe7 31. Rxe7+ Kxe7 32. Rb8 f3 33. Rb3 Ke6 34. Rxf3 Bd4 35. a4 Kd5 36. Rd3 Kc4 37. Rxd4+ Kxd4 38. Kxb2 Ke4 39. a5 Kf3 40. a6 Kxf2 41. a7 h5 42. a8=Q Kxg3 43. Qd8 Kh3 44. Qg5 1-0

[Event "Late-Titled-Tuesday-Blitz-October-17-2023"]
[Site "Chess.com"]
[Date "2023.10.17"]
[Round "1"]
[White "OYAcosta"]
[Black "HalfIsCrayfish"]
[Result "0-1"]
[WhiteElo "2188"]
[BlackElo "2541"]
[TimeControl "180+1"]
[EndTime "14:06:13 PDT"]
[Termination "HalfIsCrayfish won by resignation"]

1. d4 Nf6 2. Nf3 e6 3. Bf4 c5 4. e3 b6 5. Nbd2 Bb7 6. c3 Be7 7. h3 O-O 8. Bd3 h6 9. O-O d6 10. Bh2 Nbd7 11. Re1 Qc7 12. Rc1 e5 13. e4 g6 14. Bg3 Rfe8 15. Bh4 Nh5 16. Bxe7 Rxe7 17. Bf1 Rae8 18. d5 Ng7 19. a4 Bc8 20. Nc4 f5 21. Qd2 f4 22. g4 Nf6 23. Nh2 Rf7 24. f3 Nh7 25. Bg2 Rd8 26. Nf1 Qe7 27. Qf2 h5 28.
Nfd2 Ne8 29. Na3 Kg7 30. Bf1 Nef6 31. b4 hxg4 32. hxg4 Ng5 33. Bg2 Rh8 34. bxc5 bxc5 35. Rb1 Bxg4 36. fxg4 Nxg4 37. Qe2 f3 38. Nxf3 Nxf3+ 39. Bxf3 Qh4 40. Rb2 Qg3+ 41. Qg2 Qxe1+ 0-1

[Event "Late-Titled-Tuesday-Blitz-October-17-2023"]
[Site "Chess.com"]
[Date "2023.10.17"]
[Round "1"]
[White "h4parah5"]
[Black "Sjakkerntobi"]
[Result "1-0"]
[WhiteElo "2940"]
[BlackElo "2493"]
[TimeControl "180+1"]
[EndTime "14:06:14 PDT"]
[Termination "h4parah5 won by resignation"]

1. Nf3 d5 2. e3 Nf6 3. c4 e6 4.
b3 c5 5. Bb2 Nc6 6. cxd5 exd5 7. Bb5 Be7 8. d4 O-O 9. O-O Ne4 10. dxc5 Nxc5 11. Nc3 Be6 12. Ne2 Rc8 13. Nf4 Ne4 14. Nh5 Nf6 15. Nf4 Bd6 16. h3 Bxf4 17. exf4 Bf5 18. Nd4 Nxd4 19. Qxd4 a6 20. Be2 Re8 21.
Bf3 Be4 22. Bg4 Rc6 23. Rfc1 h5 24. Bd1 Qd6 25. Qd2 Rec8 26. Rxc6 Rxc6 27. f3 Bg6 28. g4 hxg4 29. hxg4 Qc5+ 30. Kg2 Ne4 31. Qd4 Qxd4 32. Bxd4 Nc3 33. f5 Bh7 34. f4 Nxd1 35. Rxd1 g6 36. f6 g5 37. f5 Rc2+ 38. Kf3 Kf8 39. Be5 Ke8 40. Rh1 Bg8 41. Rh8 1-0